 Dungeon Crawl Stone Soup version 0.31-a0-175-g9f7f995f2b (webtiles) character file.

Game seed: 6005971337699523990

189 qw the Chopper (level 5, -4/33 HPs)
             Began as a Gargoyle Fighter on June 16, 2023.
             Killed from afar by an orc wizard (9 damage)
             ... with a magic dart
             ... on level 4 of the Dungeon.
             The game lasted 00:00:58 (2366 turns).

qw the Chopper (Gargoyle Fighter)                   Turns: 2366, Time: 00:00:59

Health: -4/33      AC: 13    Str: 22    XL:     5   Next: 68%
Magic:  5/5        EV:  8    Int:  8    God:
Gold:   91         SH:  4    Dex:  9    Spells: 4/4 levels left

rFire   . . .        Y - +0 war axe
rCold   . . .        c - +0 buckler
rNeg    + . .        i - +0 chain mail
rPois   inf          (no helmet)
rElec   +            (no cloak)
rCorr   .            (no gloves)
SInv    .            (no boots)
Will    .....        (no amulet) Stlth
                     (no ring)
HPRegen 0.25/turn    (no ring)
MPRegen 0.09/turn

%: no passive effects
@: no status effects
A: sickness immunity, AC +4, negative energy resistance 1, electricity
resistance, torment resistance 1, petrification resistance
a: no special abilities


You were on level 4 of the Dungeon.
You visited 1 branch of the dungeon, and saw 4 of its levels.

You collected 91 gold pieces.


Innate Abilities, Weirdness & Mutations

You are immune to sickness and miasma.
Your stone body is resilient. (AC +4)
You are immune to poison.
You resist negative energy. (rN+)
You are resistant to electric shocks. (rElec)
You are resistant to unholy torment.
You are immune to petrification.


   Skills:
 + Level 3.7 Fighting
 - Level 5.0 Axes
 - Level 3.2 Armour
 - Level 3.2 Shields


You had 4 spell levels left.
You didn't know any spells.
Your spell library was empty.

Inventory:

Hand Weapons
 a - a +2 flail of protection
 Y - a +0 war axe (weapon)
Armour
 c - a +0 buckler (worn)
 i - a +0 chain mail (worn)
Scrolls
 g - a scroll of identify
Potions
 d - a potion of might
 e - a potion of mutation
 f - a potion of attraction {unknown}
 j - a potion of resistance

Dungeon Overview and Level Annotations

Branches:
Dungeon (4/15)
 Temple: D:4-7

Altars:

Shops:
D:3 *


Message History

A puff of flame appears from out of thin air!
The puff of flame hits you but does no damage.
You closely miss the orc priest.
The orc priest is heavily wounded.
You barely miss something. x2
You block the orc priest's attack. You block something's attack.
Something hits you but does no damage.
You slash the orc priest!
You kill the orc priest!
You slash something! You barely miss something.
Something hits you but does no damage.
You hear some strange, mumbled words.
You are confused.
You barely miss something. You closely miss something.
Something hits you but does no damage. Something hits you.
Something hits you but does no damage. Something hits you.
You closely miss something. You slash something!
You hear some strange, mumbled words.
Something tries to affect you, but you resist.
Something hits you but does no damage. Something hits you but does no damage.
You see here a +0 dagger.
You're too confused to move!
Something hits you but does no damage. x2
You miss something. You closely miss something.
Something hits you but does no damage. x2
You miss something. x2
You feel less confused. Something hits you.
You hear some strange, mumbled words.
A puff of flame appears from out of thin air!
The puff of flame hits you.
You hit something.
Reactivating autopickup.
You feel a bit more experienced.
You closely miss something.
You hear some strange, mumbled words.
A magic dart appears from out of thin air!
Deactivating autopickup; reactivate with Ctrl-A.
The magic dart hits you!
You die...

^. #.# ##+# #.#
##...# #####.###
##.....## #.......###
#(.....)###.#.......#
.?.....){##.#...#.#.#
....[..@)'........#.#
.........##.#.....#.#
#.......###.#..#..#.#
##.....## #.#%##..#.#
##...# #..<......#
##+# ######.#### #.#
#.# #.#


There were no monsters in sight!

Vanquished Creatures
  3 orc priests (D:4)
  2 orc wizards
  2 adders (D:3)
  A worm (D:2)
  3 dart slugs
  3 orcs (D:3)
  9 ball pythons
  6 bats
  An endoplasm (D:3)
  4 giant cockroaches
  2 hobgoblins
  A quokka (D:1)
  8 goblins
  2 kobolds
  4 rats
51 creatures vanquished.

Notes
Turn   | Place    | Note
-------+----------+-------------------------------------------
     0 | D:1      | qw the Gargoyle Fighter began the quest for the Orb.
     0 | D:1      | Reached XP level 1. HP: 14/14 MP: 1/1
     0 | D:1      | 0 ||| qw: Version: 0.2-a-29-g511e9b1
     0 | D:1      | 0 ||| qw: Game counter: 46
     0 | D:1      | 0 ||| qw: Always use a shield: true
     0 | D:1      | 0 ||| qw: God list: Okawaru
     0 | D:1      | 0 ||| qw: Allow faded altars: false
     0 | D:1      | 0 ||| qw: Do Orc after D:15 true
     0 | D:1      | 0 ||| qw: Do second Lair branch before Depths: true
     0 | D:1      | 0 ||| qw: Lair rune preference: random
     0 | D:1      | 0 ||| qw: Plans: Normal, Zot:1-4, Slime:5, God:TSO, Crypt,
                  | Tomb, Abyss, Pan, Hells, Win
     0 | D:1      | 0 ||| PLANNING D:1-11
    68 | D:1      | Reached skill level 2 in Axes
   117 | D:1      | Reached XP level 2. HP: 19/19 MP: 2/2
   142 | D:1      | You fall into a shaft and drop 1 floor!
   473 | D:2      | 473 ||| READING scroll labelled UCVUEDINAC.
   474 | D:2      | 474 ||| READING scroll labelled SINIHOSANUR.
   510 | D:1      | Reached skill level 3 in Axes
   543 | D:1      | Reached XP level 3. HP: 23/23 MP: 3/3
   699 | D:1      | 699 ||| DROPPING +0 club.
   886 | D:1      | 886 ||| DROPPING ring of magical power.
  1122 | D:2      | 1122 ||| Stepping ~*~*~tactically~*~*~ (water).
  1420 | D:2      | 1420 ||| READING scroll labelled NOURGH TYULENA.
  1521 | D:2      | 1521 ||| DRINKING 2 fizzy puce potions.
  1522 | D:2      | 1522 ||| DROPPING potion of enlightenment.
  1548 | D:3      | Reached XP level 4. HP: 22/28 MP: 4/4
  1553 | D:3      | HP: 7/28 [orc/+0 club (2)]
  1558 | D:3      | Reached skill level 4 in Axes
  1652 | D:3      | 1652 ||| DROPPING +0 whip.
  1981 | D:3      | Found Osuosackui's General Store.
  2175 | D:3      | 2175 ||| UPGRADING to +0 chain mail.
  2185 | D:3      | 2185 ||| DROPPING +0 scale mail.
  2186 | D:3      | 2186 ||| READING scroll labelled QOQ DUATOGUFUGO.
  2191 | D:3      | 2191 ||| READING scroll labelled AVVIQU DINUPI.
  2192 | D:3      | 2192 ||| DRINKING 2 green potions.
  2193 | D:3      | 2193 ||| DRINKING 2 viscous golden potions.
  2194 | D:3      | 2194 ||| READING 2 scrolls of identify.
  2194 | D:3      | 2194 ||| IDENTIFYING amethyst potion
  2195 | D:3      | 2195 ||| DROPPING potion of brilliance.
  2218 | D:4      | 2218 ||| Stepping ~*~*~tactically~*~*~ (hiding).
  2223 | D:4      | 2223 ||| Stepping ~*~*~tactically~*~*~ (hiding).
  2356 | D:4      | Reached XP level 5. HP: 13/32 MP: 5/5
  2357 | D:4      | Reached skill level 5 in Axes
  2365 | D:4      | HP: 5/33 [something/puff of flame (6)]
  2366 | D:4      | Killed from afar by an orc wizard

Levels and vault maps discovered:
D:1:      saegor_arrival_miasma, layout_loops_ring, st_stairs_9
D:2:      layout_loops_ring, kennysheep_cluttered_room, eino_tiny_chamber
D:3:      kennysheep_big_flooded_room, layout_basic, serial_shops, shop
D:4:      layout_loops_corners

Skill      XL: |  1  2  3  4  5 |
---------------+----------------+-----
Axes           | 2 3 4 5 |  5.0
Fighting       | |  3.7
Armour         | |  3.2
Shields        | |  3.2

Action                     |  1- 3 |  4- 6 || total
---------------------------+-------+-------++-------
  Melee: War axe           |    79 |    46 ||   125
    Use: Scroll            |     3 |     3 ||     6
         Potion            |     1 |     2 ||     3
 Armour: Scale mail        |    34 |    16 ||    50
         Chain mail        |       |    39 ||    39
  Dodge: Dodged            |    43 |    21 ||    64
  Block: Buckler           |     8 |    12 ||    20

Table legend:
 A = Non-vault XP
 B = Vault XP
 C = Vault XP percentage of total XP
 D = Non-vault monster count
 E = Vault monster count
 F = Vault count percentage of total count
                 A         B        C        D         E       F
            +---------+---------+-------+---------+---------+-------
      Total |     298 |       7 |   2.3 |      47 |       4 |   7.8
            +---------+---------+-------+---------+---------+-------
        D:1 |      23 |       4 |  14.8 |      14 |       2 |  12.5
        D:2 |      29 |       0 |   0.0 |      16 |       0 |   0.0
        D:3 |      81 |       3 |   3.6 |      12 |       2 |  14.3
        D:4 |     165 |       0 |   0.0 |       5 |       0 |   0.0
            +---------+---------+-------+---------+---------+-------
